 Dungeon Crawl Stone Soup version 0.21.1-1-g345015f (webtiles) character file.

42 Kairos the Charmwright (level 3, 0/27 HPs)
             Began as a Demonspawn Skald on Mar 25, 2018.
             Succumbed to an adder's poison
             ... on level 2 of the Dungeon on Mar 26, 2018.
             The game lasted 00:02:41 (1444 turns).

Kairos the Charmwright (Demonspawn Skald)           Turns: 1444, Time: 00:02:42

Health: 0/27       AC:  3    Str: 12    XL:     3   Next: 35%
Magic:  2/6        EV: 12    Int: 14    God:
Gold:   104        SH:  0    Dex: 12    Spells: 5/6 levels left

rFire    . . .     SeeInvis .   f - +0 whip
rCold    . . .     Gourm    .   (no shield)
rNeg     . . .     Faith    .   b - +0 leather armour
rPois    .         Spirit   .   (helmet restricted)
rElec    .         Reflect  .   (no cloak)
rCorr    .         Harm     .   (no gloves)
MR       .....                  (no boots)
Stlth    +.........             (no amulet)
HPRegen  0.09/turn              (no ring)
MPRegen  0.10/turn              (no ring)

@: lethally poisoned (0 -> -5), infused
A: horns 2
a: no special abilities


You were on level 2 of the Dungeon.
You were not hungry.

You visited 1 branch of the dungeon, and saw 2 of its levels.

You collected 104 gold pieces.

Inventory:

Hand Weapons
 a - a +0 mace
 f - a +0 whip (weapon)
Armour
 b - a +0 leather armour (worn)
Scrolls
 g - 2 scrolls of remove curse
 h - a scroll of fear {unknown}
 i - a scroll of teleportation {unknown}
 j - 3 scrolls of identify
 l - 3 scrolls of blinking {unknown}
Potions
 e - a potion of haste {unknown}
 k - a potion of curing {unknown}
Books
 c - a book of Battle

   Spells                             Type                      Level
   a - Infusion                       Charms                       1
   b - Shroud of Golubria             Charms/Translocation         2
   c - Song of Slaying                Charms                       2
   d - Spectral Weapon                Hexes/Charms                 3
   e - Regeneration                   Charms/Necromancy            3
Comestibles
 d - a ration


   Skills:
 + Level 2.1 Fighting
 + Level 2.3 Maces & Flails
 + Level 1.4 Armour
 + Level 2.3 Dodging
 + Level 2.0 Spellcasting
 + Level 3.0 Charms


You had 5 spell levels left.
You knew the following spells:

 Your Spells              Type           Power        Failure   Level  Hunger
a - Infusion              Chrm           #...         9%          1    ##.....


Dungeon Overview and Level Annotations

Branches:
Dungeon (2/15)

Altars:
Wu Jian


Innate Abilities, Weirdness & Mutations

You have a pair of horns on your head.


Message History

Casting: Infusion
Confirm with . or Enter, or press ? or * to list all spells.
You begin infusing your attacks with magical energy.
You feel sick. The adder bites you.
* * * LOW HITPOINT WARNING * * *
You barely miss the adder.
The adder is lightly wounded.
You feel sick. The adder bites you but does no damage.
You hit the adder.
The adder is heavily wounded.
The adder bites you.
* * * LOW HITPOINT WARNING * * *
The adder bites you but does no damage.
You hit the adder. Your headbutt misses the adder.
The adder is severely wounded.
The adder bites you.
* * * LOW HITPOINT WARNING * * *
You hit the adder.
You kill the adder!
You die...

#..............>.
#..####.####.....
#..##.....##.##.#
#..#.......#....#
#..#...†...#..#..
##......_......#..
#...#.......#..+..
#...#.......#..#..
#@..##.....##..#..
#...####.####..+..
#$........ ...#..
#......# #..
#.....## #.(..##
#....# #....#


There were no monsters in sight!

Vanquished Creatures
  An adder (D:2)
  2 worms (D:2)
  A dart slug (D:1)
  A leopard gecko (D:2)
  2 bats (D:1)
  2 giant cockroaches (D:1)
  3 goblins (D:1)
  3 hobgoblins
  3 kobolds (D:1)
  A quokka (D:2)
  4 rats (D:1)
23 creatures vanquished.

Notes
Turn   | Place    | Note
-------+----------+-------------------------------------------
     0 | D:1      | Kairos the Demonspawn Skald began the quest for the Orb.
     0 | D:1      | Reached XP level 1. HP: 16/16 MP: 3/3
    39 | D:1      | Reached skill level 1 in Armour
   367 | D:1      | Gained mutation: You have a pair of small horns on your head. [demonic ancestry]
   367 | D:1      | Reached XP level 2. HP: 22/22 MP: 5/5
   844 | D:1      | Reached skill level 3 in Charms
  1380 | D:2      | Gained mutation: You have a pair of horns on your head. [demonic ancestry]
  1380 | D:2      | Reached XP level 3. HP: 15/27 MP: 1/6
  1412 | D:2      | Found an ornate altar of the Wu Jian Council.
  1443 | D:2      | HP: 1/27 [adder (5)]
  1444 | D:2      | Succumbed to an adder's poison

Skill      XL: |  1  2 |
---------------+-------+-----
Armour         | 1 |  1.4
Dodging        | 2 |  2.3
Maces & Flails | 2 |  2.3
Charms         | 3 |  3.0
Fighting       | |  2.1
Spellcasting   | |  2.0

Action                   || total
-------------------------++-------
Melee: Whip              ||    87
       Mace              ||     7
       Headbutt          ||     9
 Cast: Infusion          ||     2
  Use: Scroll            ||     1
  Eat: Chunk             ||     2
Armor: Leather armour    ||    22
Dodge: Dodged            ||    57
